 Dungeon Crawl Stone Soup version 0.29.0-4-gdea44cf6ec (webtiles) character file.

Game seed: 2594893782025997982

19332 qw the Brawler (level 12, -3/118 HPs)
             Began as a Troll Cinder Acolyte on Sept 3, 2022.
             Was a Follower of Ignis.
             Killed from afar by an electric eel (12 damage)
             ... with a bolt of electricity
             ... on level 11 of the Dungeon.
             The game lasted 00:07:47 (10472 turns).

qw the Brawler (Troll Cinder Acolyte)              Turns: 10472, Time: 00:07:48

Health: -3/118     AC: 21    Str: 29    XL:     12   Next: 35%
Magic:  12/12      EV:  9    Int: 10    God:    Ignis [*.....]
Gold:   830        SH:  0    Dex:  5    Spells: 13/13 levels left

rFire   + + .      SeeInvis +     - Unarmed
rCold   + . .      Faith    .   (no shield)
rNeg    . . .      Spirit   .   a - +0 acid dragon scales
rPois   +          Reflect  .   (helmet restricted)
rElec   .          Harm     .   r - scarf {rC+ rF+}
rCorr   +          Rampage  .   (gloves unavailable)
Will    .....                   (boots unavailable)
Stlth   ..........              (no amulet)
HPRegen 1.09/turn               h - +4 ring of protection
MPRegen 0.13/turn               j - ring of see invisible

@: fiery-armoured
A: large, unfitting armour, claws 3, regeneration 1, shaggy fur 1, tough skin 1,
antennae 1, iridescent scales 1, poison resistance
a: Renounce Religion, Fiery Armour, Foxfire Swarm, Rising Flame


You were on level 11 of the Dungeon.
You worshipped Ignis.
Ignis was aware of your devotion.
You visited 1 branch of the dungeon, and saw 11 of its levels.
You also visited: Sewer and Ossuary.

You collected 944 gold pieces.
You spent 114 gold pieces at shops.


Innate Abilities, Weirdness & Mutations

You are too large for most types of armour.
You have claws for hands.
Your natural rate of healing is unusually fast.
You are covered in fur. (AC +1)
You have tough skin. (AC +1)
You have a pair of small antennae on your head.
You are partially covered in iridescent scales. (AC +2)
Your system is resistant to poisons. (rPois)


   Skills:
 - Level 7.0 Fighting
 - Level 7.0 Throwing
 - Level 2.2 Armour
 + Level 1.5 Dodging
 - Level 17.0 Unarmed Combat
 - Level 1.0 Spellcasting
 - Level 2.1 Fire Magic


You had 13 spell levels left.
You didn't know any spells.
Your spell library contained the following spells:

 Spells                   Type           Power      Damage    Failure   Level
 Scorch                   Fire           8%         2d5       26%         2

Inventory:

Missiles
 i - 8 large rocks (quivered)
Armour
 a - +0 acid dragon scales (worn)
 r - a scarf of resistance (worn)
Jewellery
 f - a +6 ring of dexterity
 h - a +4 ring of protection (left claw)
 j - a ring of see invisible (right claw)
 k - a ring of protection from cold
Scrolls
 l - a scroll of enchant weapon
 u - 2 scrolls of identify
Potions
 b - 3 potions of mutation
 c - 10 potions of curing
 e - 3 potions of haste
 g - a potion of resistance
 m - 2 potions of might

Dungeon Overview and Level Annotations

Branches:
Dungeon (11/15)            Temple (0/1) D:5            Lair (0/5) D:11
  Sewer (visited)         Ossuary (visited)
    Orc: D:9-12

Altars:
Ashenzari
Cheibriados
Hepliaklqana
Kikubaaqudgha
Makhleb
Nemelex Xobeh
Okawaru
Ru
Uskayaw
Yredelemnul
Zin

Shops:
D:5 (   D:7 [   D:8 [   D:11 ?


Message History

You scratch the two-headed ogre.
The two-headed ogre is lightly wounded.
The two-headed ogre hits you with a +0 giant club!
The two-headed ogre closely misses you.
You mangle the two-headed ogre!!
The two-headed ogre is heavily wounded.
You claw the two-headed ogre!
The two-headed ogre is severely wounded.
The two-headed ogre hits you with a +0 giant club! x2
The electric eel shoots out a bolt of lightning at you!
The bolt of electricity hits you!
You scratch the two-headed ogre.
The two-headed ogre is severely wounded.
You scratch the two-headed ogre but do no damage.
The two-headed ogre is severely wounded.
The electric eel shoots out a bolt of lightning at you!
The bolt of electricity hits you.
The two-headed ogre hits you with a +0 giant club!!
The two-headed ogre closely misses you.
You hear a shout!
10469 ||| INVOKING Fiery Armour.
A protective cloak of flame settles atop you.
You claw the two-headed ogre!
The two-headed ogre is almost dead.
The two-headed ogre hits you with a +0 giant club!
The two-headed ogre is burned by your cloak of flames.
The two-headed ogre is almost dead.
The two-headed ogre hits you but does no damage.
The two-headed ogre is burned by your cloak of flames.
You kill the two-headed ogre!
A centaur comes into view. It is wielding a +0 dagger.
Your Unarmed Combat skill increases to level 17!
The electric eel shoots out a bolt of lightning at you!
The bolt of electricity hits you!
The centaur unwields a +0 dagger.
The centaur wields a +0 shortbow.
The centaur shoots an arrow.
The arrow closely misses you.
You barely miss the electric eel. Your claw misses the electric eel.
The electric eel shoots out a bolt of lightning at you!
The bolt of electricity hits you!
You die...

.(...........~..........#
......#~~~~~.~.#.#.#.#..#
#####.#........#.#.#.#..#
......#.#~~~.~##.#.#....#
#######.##~~.~~#.#.###.##
# #.#~~~.~~~.#.###.. #
#.~~~~...~.#....... #
##.~~~~~.~~.~###### ####
#~.~~~~~..)@$......
...###~.~~~~~~~~.S#####.
......<.~~~~~~~~.c#
...#####~~~~~~~~.#.
.........~~~~~~~.#.#
.........~~~~~~#.#.#
##.......~~~~~##.# .
##.......~~~~~##.# #
.........~~~~~#


You could see a centaur and an electric eel.

Vanquished Creatures
  3 two-headed ogres
  A death yak (D:10)
  Nergalle (D:10)
  An orc knight (D:11)
  A deep elf pyromancer (D:7)
  3 cyclopes
  2 ugly things (D:7)
  2 manticores
  Joseph (D:7)
  2 gargoyles
  2 unseen horrors
  A kobold demonologist (D:11)
  A komodo dragon (D:10)
  3 trolls
  2 polar bears (D:10)
  2 wyverns
  2 yaks (D:10)
  5 wraiths
  2 steam dragons
  4 vampire mosquitoes (D:11)
  2 acid dragons (D:10)
  7 water moccasins
  6 orc warriors
  4 ice beasts
  6 sky beasts
  Pargi (Sewer)
  A black bear (D:7)
  2 ogres
  10 centaurs
  3 wolves (D:10)
  2 phantoms (D:5)
  4 kobold brigands
  6 bullfrogs
  A gnoll sergeant (D:7)
  3 necrophages
  6 scorpions
  2 wights
  3 killer bees (D:7)
  5 howler monkeys
  5 electric eels (D:11)
  5 centaur zombies (Ossuary)
  9 orc priests
  4 hounds
  2 jellies
  4 iguanas
  19 orc wizards
  4 centaur simulacra (D:10)
  6 mummies (Ossuary)
  4 gnolls (D:5)
  12 adders
  3 shadow imps
  13 white imps
  2 ufetubi
  2 worms (D:2)
  61 orcs
  7 ball pythons
  8 endoplasms
  4 giant cockroaches
  10 goblins
  9 hobgoblins
  A jackal (D:2)
  6 quokkas
  4 bats
  5 frilled lizards
  3 hobgoblin zombies (Ossuary)
  13 kobolds
  9 rats
349 creatures vanquished.

Vanquished Creatures (others)
  A human (D:9)
  An orc wizard (D:11)
  11 plants (D:7)
13 creatures vanquished.

Grand Total: 362 creatures vanquished

Notes
Turn   | Place    | Note
-------+----------+-------------------------------------------
     0 | D:1      | qw the Troll Cinder Acolyte began the quest for the Orb.
     0 | D:1      | Reached XP level 1. HP: 22/22 MP: 1/1
     0 | D:1      | 0 ||| qw: Version: 0.1-a-102-g441f92d
     0 | D:1      | 0 ||| qw: Game counter: 5119
     0 | D:1      | 0 ||| qw: Always use a shield: true
     0 | D:1      | 0 ||| qw: God list: Okawaru
     0 | D:1      | 0 ||| qw: Allow faded altars: false
     0 | D:1      | 0 ||| qw: Do Orc after D:15 true
     0 | D:1      | 0 ||| qw: Do second Lair branch before Depths: true
     0 | D:1      | 0 ||| qw: Lair rune preference: random
     0 | D:1      | 0 ||| qw: Plans: Normal
     0 | D:1      | 0 ||| PLANNING D:1-11
   236 | D:1      | Reached XP level 2. HP: 29/29 MP: 2/2
   338 | D:1      | 338 ||| Stepping ~*~*~tactically~*~*~ (stealth).
   513 | D:1      | Reached skill level 4 in Unarmed Combat
   577 | D:1      | Found a faded altar of an unknown god.
   753 | D:1      | 753 ||| UPGRADING to +4 ring of protection.
   754 | D:1      | 754 ||| READING scroll labelled EWOCI YGUMP.
   755 | D:1      | 755 ||| READING scroll labelled BEUZUI VOME.
   756 | D:1      | 756 ||| READING scroll labelled PUASIXK YCES.
   757 | D:1      | 757 ||| READING scroll labelled ROOCVO ROQEOMA.
   758 | D:1      | 758 ||| DRINKING 2 blue potions.
   758 | D:1      | Gained mutation: You have a pair of small antennae on your
                  | head. [potion of mutation]
   758 | D:1      | Gained mutation: You have hidden genetic potential. [potion
                  | of mutation]
   759 | D:1      | 759 ||| DRINKING 3 amethyst potions.
   816 | D:2      | 816 ||| Stepping ~*~*~tactically~*~*~ (stealth).
   817 | D:2      | 817 ||| Stepping ~*~*~tactically~*~*~ (stealth).
   836 | D:2      | Reached XP level 3. HP: 36/36 MP: 3/3
   922 | D:2      | Found a sacrificial altar of Ru.
   955 | D:2      | Gained mutation: Your system is resistant to poisons.
                  | (rPois) [hidden potential]
  1095 | D:2      | 1095 ||| Stepping ~*~*~tactically~*~*~ (stealth).
  1169 | D:2      | 1169 ||| DROPPING scarf of invisibility.
  1170 | D:2      | 1170 ||| UPGRADING to ring of protection from cold.
  1171 | D:2      | 1171 ||| DROPPING ring of ice.
  1172 | D:2      | 1172 ||| READING 2 scrolls labelled SEFROIMEDGH.
  1173 | D:2      | 1173 ||| DROPPING scroll of vulnerability.
  1174 | D:2      | 1174 ||| Stepping randomly (stuck).
  1175 | D:2      | 1175 ||| Stepping randomly (stuck).
  1177 | D:2      | 1177 ||| Stepping randomly (stuck).
  1180 | D:2      | 1180 ||| Stepping randomly (stuck).
  1216 | D:2      | 1216 ||| Stepping randomly (stuck).
  1217 | D:2      | 1217 ||| Stepping randomly (stuck).
  1218 | D:2      | 1218 ||| Stepping randomly (stuck).
  1219 | D:2      | 1219 ||| Stepping randomly (stuck).
  1221 | D:2      | 1221 ||| Stepping randomly (stuck).
  1222 | D:2      | 1222 ||| Stepping randomly (stuck).
  1223 | D:2      | 1223 ||| Stepping randomly (stuck).
  1224 | D:2      | 1224 ||| Stepping randomly (stuck).
  1225 | D:2      | 1225 ||| Stepping randomly (stuck).
  1230 | D:2      | Reached XP level 4. HP: 44/44 MP: 4/4
  1262 | D:2      | 1262 ||| Stepping randomly (stuck).
  1264 | D:2      | 1264 ||| Stepping randomly (stuck).
  1265 | D:2      | 1265 ||| Stepping randomly (stuck).
  1266 | D:2      | 1266 ||| Stepping randomly (stuck).
  1267 | D:2      | 1267 ||| Stepping randomly (stuck).
  1268 | D:2      | 1268 ||| Stepping randomly (stuck).
  1270 | D:2      | 1270 ||| Stepping randomly (stuck).
  1271 | D:2      | 1271 ||| Stepping randomly (stuck).
  1272 | D:2      | 1272 ||| Stepping randomly (stuck).
  1273 | D:2      | 1273 ||| Stepping randomly (stuck).
  1274 | D:2      | 1274 ||| Stepping randomly (stuck).
  1276 | D:2      | 1276 ||| Stepping randomly (stuck).
  1277 | D:2      | 1277 ||| Stepping randomly (stuck).
  1278 | D:2      | 1278 ||| Stepping randomly (stuck).
  1279 | D:2      | 1279 ||| Stepping randomly (stuck).
  1280 | D:2      | 1280 ||| Stepping randomly (stuck).
  1282 | D:2      | 1282 ||| Stepping randomly (stuck).
  1284 | D:2      | 1284 ||| Stepping randomly (stuck).
  1285 | D:2      | 1285 ||| Stepping randomly (stuck).
  1286 | D:2      | 1286 ||| Stepping randomly (stuck).
  1287 | D:2      | 1287 ||| Stepping randomly (stuck).
  1288 | D:2      | 1288 ||| Stepping randomly (stuck).
  1289 | D:2      | 1289 ||| Stepping randomly (stuck).
  1290 | D:2      | 1290 ||| Stepping randomly (stuck).
  1291 | D:2      | 1291 ||| Stepping randomly (stuck).
  1292 | D:2      | 1292 ||| Stepping randomly (stuck).
  1293 | D:2      | 1293 ||| Stepping randomly (stuck).
  1294 | D:2      | 1294 ||| Stepping randomly (stuck).
  1295 | D:2      | 1295 ||| Stepping randomly (stuck).
  1296 | D:2      | 1296 ||| Stepping randomly (stuck).
  1297 | D:2      | 1297 ||| Stepping randomly (stuck).
  1298 | D:2      | 1298 ||| Stepping randomly (stuck).
  1299 | D:2      | 1299 ||| Stepping randomly (stuck).
  1302 | D:2      | 1302 ||| Stepping randomly (stuck).
  1303 | D:2      | 1303 ||| Stepping randomly (stuck).
  1304 | D:2      | 1304 ||| Stepping randomly (stuck).
  1305 | D:2      | 1305 ||| Stepping randomly (stuck).
  1307 | D:2      | 1307 ||| Stepping randomly (stuck).
  1308 | D:2      | 1308 ||| Stepping randomly (stuck).
  1309 | D:2      | 1309 ||| Stepping randomly (stuck).
  1310 | D:2      | 1310 ||| Stepping randomly (stuck).
  1311 | D:2      | 1311 ||| Stepping randomly (stuck).
  1312 | D:2      | 1312 ||| Stepping randomly (stuck).
  1313 | D:2      | 1313 ||| Stepping randomly (stuck).
  1314 | D:2      | 1314 ||| Stepping randomly (stuck).
  1320 | D:2      | 1320 ||| Stepping randomly (stuck).
  1322 | D:2      | 1322 ||| Stepping randomly (stuck).
  1323 | D:2      | 1323 ||| Stepping randomly (stuck).
  1325 | D:2      | 1325 ||| Stepping randomly (stuck).
  1330 | D:2      | Reached skill level 5 in Unarmed Combat
  1330 | D:2      | 1330 ||| Stepping randomly (stuck).
  1332 | D:2      | 1332 ||| Stepping randomly (stuck).
  1334 | D:2      | 1334 ||| Stepping randomly (stuck).
  1336 | D:2      | 1336 ||| Stepping randomly (stuck).
  1337 | D:2      | 1337 ||| Stepping randomly (stuck).
  1338 | D:2      | 1338 ||| Stepping randomly (stuck).
  1339 | D:2      | 1339 ||| Stepping randomly (stuck).
  1340 | D:2      | 1340 ||| Stepping randomly (stuck).
  1341 | D:2      | 1341 ||| Stepping randomly (stuck).
  1343 | D:2      | 1343 ||| Stepping randomly (stuck).
  1344 | D:2      | 1344 ||| Stepping randomly (stuck).
  1484 | D:3      | 1484 ||| Stepping ~*~*~tactically~*~*~ (stealth).
  1511 | D:3      | 1511 ||| Stepping ~*~*~tactically~*~*~ (hiding).
  1513 | D:3      | 1513 ||| Stepping ~*~*~tactically~*~*~ (hiding).
  1779 | D:3      | Gained mutation: You are partially covered in iridescent
                  | scales. (AC +2) [hidden potential]
  1779 | D:3      | Lost mutation: You have hidden genetic potential. [hidden
                  | potential expressed]
  1916 | D:3      | 1916 ||| Stepping ~*~*~tactically~*~*~ (stealth).
  1921 | D:3      | 1921 ||| FLEEEEING.
  2142 | D:3      | You fall into a shaft and drop 3 floors!
  2149 | D:6      | 2149 ||| PLANNING SEWER
  2153 | D:6      | Noticed a sky beast
  2164 | D:6      | Killed a sky beast
  2165 | D:6      | Reached skill level 6 in Unarmed Combat
  2165 | D:6      | Reached XP level 5. HP: 42/50 MP: 5/5
  2206 | D:6      | Reached skill level 7 in Unarmed Combat
  2206 | D:6      | Reached XP level 6. HP: 59/59 MP: 6/6
  2234 | D:6      | 2234 ||| Stepping ~*~*~tactically~*~*~ (stealth).
  2241 | D:6      | 2241 ||| Stepping ~*~*~tactically~*~*~ (hiding).
  2393 | D:6      | 2393 ||| Stepping ~*~*~tactically~*~*~ (stealth).
  2396 | D:6      | 2396 ||| Stepping ~*~*~tactically~*~*~ (stealth).
  2416 | D:6      | Noticed a water moccasin
  2421 | D:6      | Reached skill level 1 in Throwing
  2421 | D:6      | Reached XP level 7. HP: 66/66 MP: 7/7
  2431 | D:6      | 2431 ||| Stepping ~*~*~tactically~*~*~ (stealth).
  2432 | D:6      | 2432 ||| Stepping ~*~*~tactically~*~*~ (stealth).
  2443 | D:6      | 2443 ||| Stepping ~*~*~tactically~*~*~ (outnumbered).
  2444 | D:6      | 2444 ||| Stepping ~*~*~tactically~*~*~ (outnumbered).
  2445 | D:6      | 2445 ||| Stepping ~*~*~tactically~*~*~ (outnumbered).
  2446 | D:6      | 2446 ||| Stepping ~*~*~tactically~*~*~ (outnumbered).
  2447 | D:6      | 2447 ||| Stepping ~*~*~tactically~*~*~ (outnumbered).
  2448 | D:6      | 2448 ||| Stepping ~*~*~tactically~*~*~ (stealth).
  2449 | D:6      | 2449 ||| FLEEEEING.
  2450 | D:6      | 2450 ||| FLEEEEING.
  2451 | D:6      | 2451 ||| Stepping ~*~*~tactically~*~*~ (stealth).
  2452 | D:6      | 2452 ||| FLEEEEING.
  2456 | D:6      | 2456 ||| INVOKING Fiery Armour.
  2457 | D:6      | Reached skill level 8 in Unarmed Combat
  2461 | D:6      | Reached skill level 3 in Fighting
  2461 | D:6      | 2461 ||| Stepping ~*~*~tactically~*~*~ (outnumbered).
  2462 | D:6      | 2462 ||| Stepping ~*~*~tactically~*~*~ (outnumbered).
  2474 | D:6      | 2474 ||| Stepping ~*~*~tactically~*~*~ (stealth).
  2522 | D:6      | Found a hazy altar of Hepliaklqana.
  2642 | D:6      | Reached skill level 9 in Unarmed Combat
  2642 | D:6      | Reached XP level 8. HP: 78/78 MP: 8/8
  2675 | D:6      | Found a snail-covered altar of Cheibriados.
  2676 | D:6      | Found a basalt altar of Yredelemnul.
  2732 | D:6      | Found a glowing drain.
  2736 | D:6      | 2736 ||| UPGRADING to scarf of resistance.
  2741 | D:6      | 2741 ||| READING 2 scrolls labelled ZAWARA HIGINIU.
  2742 | D:6      | 2742 ||| READING 2 scrolls labelled EMOAGR ROFYNI.
  2743 | D:6      | 2743 ||| READING scroll labelled JACATO FUOKUR.
  2779 | D:6      | 2779 ||| READING scroll labelled PYZU BERCHOA.
  2780 | D:6      | 2780 ||| DRINKING 2 white potions.
  2781 | D:6      | 2781 ||| DRINKING 2 orange potions.
  2782 | D:6      | 2782 ||| DRINKING 2 lumpy sapphire potions.
  2832 | D:6      | 2832 ||| DRINKING 3 murky amethyst potions.
  2833 | D:6      | 2833 ||| READING 2 scrolls of identify.
  2833 | D:6      | 2833 ||| IDENTIFYING sedimented purple potion
  2834 | D:6      | 2834 ||| DROPPING potion of flight.
  2835 | D:6      | 2835 ||| DROPPING potion of lignification.
  2836 | D:6      | 2836 ||| DROPPING scroll of fog.
  2837 | D:6      | 2837 ||| DROPPING 2 potions of degeneration.
  2838 | D:6      | 2838 ||| DROPPING scroll of blinking.
  2850 | Sewer    | Entered a sewer
  2853 | Sewer    | Noticed Pargi
  2859 | Sewer    | Killed Pargi
  2999 | Sewer    | 2999 ||| READING scroll labelled HOCWAE HOTAMEUCSO.
  3000 | Sewer    | 3000 ||| READING scroll labelled GOEMON MOSUY.
  3001 | Sewer    | 3001 ||| DRINKING 2 brown potions.
  3002 | Sewer    | 3002 ||| DROPPING potion of invisibility.
  3018 | D:6      | 3018 ||| PLANNING D:1-11
  3038 | D:5      | Entered Level 5 of the Dungeon
  3039 | D:5      | 3039 ||| PLANNING OSSUARY
  3092 | D:5      | Found a staircase to the Ecumenical Temple.
  3103 | D:5      | 3103 ||| Stepping ~*~*~tactically~*~*~ (stealth).
  3109 | D:5      | 3109 ||| Stepping ~*~*~tactically~*~*~ (outnumbered).
  3160 | D:5      | 3160 ||| Stepping ~*~*~tactically~*~*~ (stealth).
  3188 | D:5      | 3188 ||| INVOKING Fiery Armour.
  3191 | D:5      | 3191 ||| Stepping ~*~*~tactically~*~*~ (outnumbered).
  3192 | D:5      | 3192 ||| Stepping ~*~*~tactically~*~*~ (outnumbered).
  3193 | D:5      | 3193 ||| Stepping ~*~*~tactically~*~*~ (outnumbered).
  3196 | D:5      | Reached skill level 10 in Unarmed Combat
  3199 | D:5      | 3199 ||| DRINKING 6 potions of curing.
  3199 | D:5      | 3199 ||| (to cure confusion)
  3204 | D:5      | 3204 ||| DRINKING 5 potions of curing.
  3204 | D:5      | 3204 ||| (to cure confusion)
  3241 | D:5      | Found a sand-covered staircase.
  3242 | D:5      | 3242 ||| READING scroll labelled APAJ PARITTOR.
  3298 | D:5      | Found Toefycut's Weapon Boutique.
  3322 | D:5      | 3322 ||| Stepping ~*~*~tactically~*~*~ (stealth).
  3325 | D:5      | 3325 ||| Stepping ~*~*~tactically~*~*~ (stealth).
  3328 | D:5      | 3328 ||| Stepping ~*~*~tactically~*~*~ (stealth).
  3329 | D:5      | 3329 ||| Stepping ~*~*~tactically~*~*~ (stealth).
  3330 | D:5      | 3330 ||| Stepping ~*~*~tactically~*~*~ (stealth).
  3338 | D:5      | 3338 ||| Stepping ~*~*~tactically~*~*~ (stealth).
  3378 | Ossuary  | Entered an ossuary
  3385 | Ossuary  | 3385 ||| Stepping ~*~*~tactically~*~*~ (outnumbered).
  3412 | Ossuary  | 3412 ||| Stepping ~*~*~tactically~*~*~ (outnumbered).
  3413 | Ossuary  | 3413 ||| Stepping ~*~*~tactically~*~*~ (outnumbered).
  3639 | Ossuary  | 3639 ||| READING 2 scrolls labelled MOCVOI DOCAANOF.
  3640 | Ossuary  | 3640 ||| DRINKING 3 fuming silvery potions.
  3641 | Ossuary  | 3641 ||| DROPPING scroll of fear.
  3650 | D:5      | 3650 ||| PLANNING D:1-11
  3684 | D:4      | 3684 ||| Stepping ~*~*~tactically~*~*~ (stealth).
  3685 | D:4      | 3685 ||| Stepping ~*~*~tactically~*~*~ (stealth).
  3686 | D:4      | 3686 ||| Stepping ~*~*~tactically~*~*~ (stealth).
  3687 | D:4      | 3687 ||| Stepping ~*~*~tactically~*~*~ (stealth).
  3688 | D:4      | 3688 ||| Stepping ~*~*~tactically~*~*~ (stealth).
  3700 | D:4      | Reached skill level 11 in Unarmed Combat
  4075 | D:4      | 4075 ||| Stepping ~*~*~tactically~*~*~ (outnumbered).
  4078 | D:4      | 4078 ||| Stepping ~*~*~tactically~*~*~ (outnumbered).
  4079 | D:4      | 4079 ||| Stepping ~*~*~tactically~*~*~ (outnumbered).
  4097 | D:4      | Found a glowing silver altar of Zin.
  4127 | D:4      | 4127 ||| Stepping ~*~*~tactically~*~*~ (outnumbered).
  4128 | D:4      | 4128 ||| Stepping ~*~*~tactically~*~*~ (outnumbered).
  4129 | D:4      | 4129 ||| Stepping ~*~*~tactically~*~*~ (outnumbered).
  4130 | D:4      | 4130 ||| Stepping ~*~*~tactically~*~*~ (outnumbered).
  4131 | D:4      | 4131 ||| Stepping ~*~*~tactically~*~*~ (outnumbered).
  4132 | D:4      | 4132 ||| Stepping ~*~*~tactically~*~*~ (outnumbered).
  4133 | D:4      | 4133 ||| Stepping ~*~*~tactically~*~*~ (outnumbered).
  4134 | D:4      | 4134 ||| Stepping ~*~*~tactically~*~*~ (outnumbered).
  4194 | D:4      | 4194 ||| Stepping ~*~*~tactically~*~*~ (stealth).
  4219 | D:4      | Reached skill level 1 in Dodging
  4219 | D:4      | Reached XP level 9. HP: 54/84 MP: 9/9
  4431 | D:4      | 4431 ||| Stepping ~*~*~tactically~*~*~ (stealth).
  4531 | D:4      | 4531 ||| Stepping ~*~*~tactically~*~*~ (stealth).
  4577 | D:4      | Identified the +5 chain mail "Anuets" {Harm Rampage rCorr
                  | Int-3}
  4739 | D:4      | 4739 ||| UPGRADING to ring of see invisible.
  4741 | D:4      | 4741 ||| READING 3 scrolls of identify.
  4741 | D:4      | 4741 ||| IDENTIFYING grey potion
  4742 | D:4      | 4742 ||| READING 2 scrolls of identify.
  4742 | D:4      | 4742 ||| IDENTIFYING fizzy emerald potion
  4743 | D:4      | 4743 ||| DROPPING potion of berserk rage.
  5419 | D:7      | 5419 ||| STAIRDANCE
  5430 | D:7      | 5430 ||| Stepping ~*~*~tactically~*~*~ (outnumbered).
  5431 | D:7      | 5431 ||| Stepping ~*~*~tactically~*~*~ (outnumbered).
  5453 | D:7      | Reached skill level 12 in Unarmed Combat
  5453 | D:7      | Noticed a cyclops
  5468 | D:7      | Noticed a gargoyle
  5473 | D:7      | Killed a cyclops
  5483 | D:7      | 5483 ||| INVOKING Fiery Armour.
  5487 | D:7      | Noticed a deep elf pyromancer
  5489 | D:7      | Noticed an unseen horror
  5494 | D:7      | Killed a gargoyle
  5502 | D:7      | Killed an unseen horror
  5503 | D:7      | Reached XP level 10. HP: 27/98 MP: 10/10
  5508 | D:7      | Reached skill level 13 in Unarmed Combat
  5508 | D:7      | HP: 24/98 [fire elemental[a deep elf pyromancer] (3)]
  5509 | D:7      | 5509 ||| READING scroll of teleportation.
  5513 | D:7      | 5513 ||| DRINKING 2 potions of heal wounds.
  5646 | D:7      | 5646 ||| Stepping ~*~*~tactically~*~*~ (outnumbered).
  5648 | D:7      | 5648 ||| Stepping ~*~*~tactically~*~*~ (outnumbered).
  5651 | D:7      | 5651 ||| INVOKING Fiery Armour.
  5672 | D:7      | 5672 ||| Stepping ~*~*~tactically~*~*~ (stealth).
  5675 | D:7      | 5675 ||| Stepping ~*~*~tactically~*~*~ (stealth).
  5703 | D:7      | 5703 ||| Stepping ~*~*~tactically~*~*~ (stealth).
  5754 | D:7      | Noticed Joseph
  5755 | D:7      | 5755 ||| Stepping ~*~*~tactically~*~*~ (stealth).
  5763 | D:7      | Killed Joseph
  5789 | D:7      | Noticed a green ugly thing
  5790 | D:7      | 5790 ||| Stepping ~*~*~tactically~*~*~ (stealth).
  5794 | D:7      | 5794 ||| Stepping ~*~*~tactically~*~*~ (stealth).
  5799 | D:7      | Killed a green ugly thing
  5800 | D:7      | Reached skill level 14 in Unarmed Combat
  5800 | D:7      | Noticed a brown ugly thing
  5803 | D:7      | 5803 ||| Stepping ~*~*~tactically~*~*~ (hiding).
  5810 | D:7      | Killed a brown ugly thing
  5811 | D:7      | Reached skill level 6 in Fighting
  5819 | D:7      | Killed a deep elf pyromancer
  5906 | D:7      | Noticed a two-headed ogre
  5907 | D:7      | 5907 ||| Stepping ~*~*~tactically~*~*~ (hiding).
  5910 | D:7      | Killed a two-headed ogre
  5911 | D:7      | Reached skill level 3 in Throwing
  6069 | D:7      | 6069 ||| Stepping ~*~*~tactically~*~*~ (stealth).
  6189 | D:7      | 6189 ||| Stepping ~*~*~tactically~*~*~ (stealth).
  6190 | D:7      | Noticed a manticore
  6191 | D:7      | 6191 ||| Stepping ~*~*~tactically~*~*~ (hiding).
  6201 | D:7      | Killed a manticore
  6204 | D:7      | 6204 ||| FLEEEEING.
  6206 | D:7      | 6206 ||| FLEEEEING.
  6207 | D:7      | 6207 ||| FLEEEEING.
  6208 | D:7      | 6208 ||| FLEEEEING.
  6209 | D:7      | 6209 ||| FLEEEEING.
  6210 | D:7      | 6210 ||| FLEEEEING.
  6211 | D:7      | 6211 ||| FLEEEEING.
  6212 | D:7      | 6212 ||| FLEEEEING.
  6217 | D:7      | 6217 ||| Stepping ~*~*~tactically~*~*~ (hiding).
  6223 | D:7      | Reached XP level 11. HP: 105/105 MP: 11/11
  6369 | D:7      | 6369 ||| Stepping ~*~*~tactically~*~*~ (stealth).
  6397 | D:7      | 6397 ||| Stepping ~*~*~tactically~*~*~ (stealth).
  6438 | D:7      | 6438 ||| Stepping ~*~*~tactically~*~*~ (stealth).
  6462 | D:7      | 6462 ||| Stepping ~*~*~tactically~*~*~ (stealth).
  6464 | D:7      | 6464 ||| FLEEEEING.
  6465 | D:7      | 6465 ||| FLEEEEING.
  6468 | D:7      | 6468 ||| STAIRDANCE
  6479 | D:6      | 6479 ||| UPGRADING to +0 steam dragon scales.
  6489 | D:6      | 6489 ||| DROPPING +0 robe.
  6490 | D:6      | 6490 ||| READING 3 scrolls labelled EPRIODGH YNTO.
  6491 | D:6      | 6491 ||| READING scroll labelled JORGHO FIOLIRHINNU.
  6492 | D:6      | 6492 ||| DROPPING 2 scrolls of amnesia.
  6496 | D:7      | 6496 ||| STAIRDANCE
  6536 | D:7      | Reached skill level 1 in Armour
  6679 | D:7      | Reached skill level 6 in Throwing
  6781 | D:7      | Found Vodgh's Armour Shoppe.
  6884 | D:8      | Found Leufitereyd's Armour Shop.
  6912 | D:8      | 6912 ||| FLEEEEING.
  6913 | D:8      | 6913 ||| FLEEEEING.
  6920 | D:8      | 6920 ||| Stepping ~*~*~tactically~*~*~ (outnumbered).
  6921 | D:8      | 6921 ||| Stepping ~*~*~tactically~*~*~ (outnumbered).
  7031 | D:8      | Found a sparkling altar of Nemelex Xobeh.
  7031 | D:8      | Found a hide-covered altar of Uskayaw.
  7230 | D:8      | 7230 ||| Stepping ~*~*~tactically~*~*~ (outnumbered).
  7231 | D:8      | 7231 ||| Stepping ~*~*~tactically~*~*~ (outnumbered).
  7251 | D:8      | 7251 ||| Stepping ~*~*~tactically~*~*~ (stealth).
  7252 | D:8      | 7252 ||| Stepping ~*~*~tactically~*~*~ (stealth).
  7263 | D:8      | 7263 ||| Stepping ~*~*~tactically~*~*~ (stealth).
  7418 | D:8      | 7418 ||| Stepping ~*~*~tactically~*~*~ (stealth).
  7718 | D:9      | Identified the +6 falchion "Sick" {venom, rF+ Stlth+}
  7807 | D:9      | Noticed a two-headed ogre
  7813 | D:9      | Killed a two-headed ogre
  7814 | D:9      | Reached skill level 15 in Unarmed Combat
  8084 | D:9      | Found an ancient bone altar of Kikubaaqudgha.
  8089 | D:9      | 8089 ||| DROPPING ring of flight.
  8090 | D:9      | 8090 ||| DRINKING 3 puce potions.
  8091 | D:9      | 8091 ||| DROPPING 2 potions of attraction.
  8144 | D:10     | Entered Level 10 of the Dungeon
  8167 | D:10     | Found a broken altar of Ashenzari.
  8274 | D:10     | Found Lusmarad's Assorted Antiques.
  8305 | D:10     | Found a burning altar of Makhleb.
  8383 | D:10     | Found an iron altar of Okawaru.
  8451 | D:10     | 8451 ||| Stepping ~*~*~tactically~*~*~ (stealth).
  8452 | D:10     | 8452 ||| INVOKING Fiery Armour.
  8461 | D:10     | 8461 ||| FLEEEEING.
  8463 | D:10     | 8463 ||| Stepping ~*~*~tactically~*~*~ (stealth).
  8601 | D:10     | 8601 ||| Stepping ~*~*~tactically~*~*~ (hiding).
  8614 | D:10     | 8614 ||| Stepping ~*~*~tactically~*~*~ (hiding).
  8615 | D:10     | 8615 ||| Stepping ~*~*~tactically~*~*~ (hiding).
  8618 | D:10     | 8618 ||| INVOKING Fiery Armour.
  8713 | D:10     | Noticed Nergalle
  8720 | D:10     | 8720 ||| Stepping ~*~*~tactically~*~*~ (outnumbered).
  8721 | D:10     | 8721 ||| Stepping ~*~*~tactically~*~*~ (outnumbered).
  8722 | D:10     | 8722 ||| Stepping ~*~*~tactically~*~*~ (outnumbered).
  8726 | D:10     | 8726 ||| Stepping ~*~*~tactically~*~*~ (outnumbered).
  8730 | D:10     | Killed Nergalle
  8790 | D:10     | Noticed a death yak
  8791 | D:10     | 8791 ||| Stepping ~*~*~tactically~*~*~ (hiding).
  8792 | D:10     | 8792 ||| Stepping ~*~*~tactically~*~*~ (stealth).
  8793 | D:10     | 8793 ||| Stepping ~*~*~tactically~*~*~ (hiding).
  8795 | D:10     | 8795 ||| Stepping ~*~*~tactically~*~*~ (hiding).
  8800 | D:10     | Reached skill level 16 in Unarmed Combat
  8800 | D:10     | 8800 ||| INVOKING Fiery Armour.
  8807 | D:10     | Killed a death yak
  9174 | D:10     | 9174 ||| UPGRADING to +0 acid dragon scales.
  9184 | D:10     | 9184 ||| DROPPING +0 steam dragon scales.
  9185 | D:10     | 9185 ||| READING scroll labelled PETHID GAECOO.
  9239 | D:11     | 9239 ||| FLEEEEING.
  9240 | D:11     | 9240 ||| FLEEEEING.
  9242 | D:11     | 9242 ||| FLEEEEING.
  9243 | D:11     | 9243 ||| FLEEEEING.
  9244 | D:11     | 9244 ||| FLEEEEING.
  9245 | D:11     | 9245 ||| FLEEEEING.
  9246 | D:11     | 9246 ||| STAIRDANCE
  9282 | D:11     | 9282 ||| STAIRDANCE
  9325 | D:11     | 9325 ||| STAIRDANCE
  9364 | D:11     | Found Timiuc's Magic Scroll Emporium.
  9371 | D:11     | 9371 ||| BUYING scroll of enchant weapon (90 gold).
  9371 | D:11     | Bought a scroll of enchant weapon for 90 gold pieces
  9371 | D:11     | 9371 ||| BUYING scroll of identify (24 gold).
  9371 | D:11     | Bought a scroll of identify for 24 gold pieces
  9378 | D:11     | 9378 ||| FLEEEEING.
  9379 | D:11     | 9379 ||| FLEEEEING.
  9380 | D:11     | 9380 ||| FLEEEEING.
  9381 | D:11     | 9381 ||| FLEEEEING.
  9382 | D:11     | 9382 ||| FLEEEEING.
  9383 | D:11     | 9383 ||| FLEEEEING.
  9387 | D:11     | Reached XP level 12. HP: 97/118 MP: 12/12
  9392 | D:11     | 9392 ||| STAIRDANCE
  9405 | D:10     | 9405 ||| READING 2 scrolls of identify.
  9405 | D:10     | 9405 ||| IDENTIFYING smoky orange potion
  9406 | D:10     | 9406 ||| DROPPING potion of magic.
  9451 | D:11     | 9451 ||| INVOKING Fiery Armour.
  9452 | D:11     | 9452 ||| Stepping ~*~*~tactically~*~*~ (outnumbered).
  9457 | D:11     | 9457 ||| Stepping ~*~*~tactically~*~*~ (hiding).
  9556 | D:11     | 9556 ||| INVOKING Fiery Armour.
  9560 | D:11     | HP: 28/118 [electric eel/bolt of electricity (10)]
  9561 | D:11     | 9561 ||| READING scroll of teleportation.
  9562 | D:11     | 9562 ||| DRINKING 2 potions of heal wounds.
  9565 | D:11     | HP: 28/118 [electric eel/bolt of electricity (8)]
  9566 | D:11     | 9566 ||| DRINKING potion of heal wounds.
  9715 | D:11     | 9715 ||| Stepping ~*~*~tactically~*~*~ (hiding).
  9724 | D:11     | 9724 ||| Stepping ~*~*~tactically~*~*~ (outnumbered).
  9734 | D:11     | 9734 ||| INVOKING Fiery Armour.
  9836 | D:11     | 9836 ||| Stepping ~*~*~tactically~*~*~ (hiding).
  9862 | D:11     | 9862 ||| Stepping ~*~*~tactically~*~*~ (stealth).
  9864 | D:11     | 9864 ||| Stepping ~*~*~tactically~*~*~ (hiding).
  9935 | D:11     | 9935 ||| Stepping ~*~*~tactically~*~*~ (hiding).
  9956 | D:11     | 9956 ||| Stepping ~*~*~tactically~*~*~ (stealth).
  9958 | D:11     | 9958 ||| Stepping ~*~*~tactically~*~*~ (hiding).
  9974 | D:11     | 9974 ||| Stepping ~*~*~tactically~*~*~ (stealth).
  9976 | D:11     | 9976 ||| Stepping ~*~*~tactically~*~*~ (hiding).
 10089 | D:11     | Found a staircase to the Lair.
 10132 | D:11     | 10132 ||| FLEEEEING.
 10133 | D:11     | 10133 ||| FLEEEEING.
 10134 | D:11     | 10134 ||| FLEEEEING.
 10135 | D:11     | 10135 ||| FLEEEEING.
 10136 | D:11     | 10136 ||| FLEEEEING.
 10137 | D:11     | 10137 ||| FLEEEEING.
 10138 | D:11     | 10138 ||| FLEEEEING.
 10158 | D:11     | 10158 ||| FLEEEEING.
 10166 | D:11     | 10166 ||| FLEEEEING.
 10167 | D:11     | 10167 ||| FLEEEEING.
 10168 | D:11     | 10168 ||| FLEEEEING.
 10169 | D:11     | 10169 ||| FLEEEEING.
 10170 | D:11     | 10170 ||| FLEEEEING.
 10175 | D:11     | 10175 ||| STAIRDANCE
 10198 | D:11     | 10198 ||| FLEEEEING.
 10217 | D:11     | 10217 ||| FLEEEEING.
 10218 | D:11     | 10218 ||| FLEEEEING.
 10219 | D:11     | 10219 ||| FLEEEEING.
 10241 | D:11     | 10241 ||| FLEEEEING.
 10242 | D:11     | 10242 ||| FLEEEEING.
 10243 | D:11     | 10243 ||| FLEEEEING.
 10248 | D:11     | 10248 ||| STAIRDANCE
 10459 | D:11     | Noticed a two-headed ogre
 10469 | D:11     | 10469 ||| INVOKING Fiery Armour.
 10470 | D:11     | HP: 19/118 [two-headed ogre/+0 giant club (17)]
 10470 | D:11     | Killed a two-headed ogre
 10471 | D:11     | Reached skill level 17 in Unarmed Combat
 10471 | D:11     | HP: 8/118 [electric eel/bolt of electricity (13)]
 10472 | D:11     | Killed from afar by an electric eel

Levels and vault maps discovered:
D:1:      dpeg_arrival_court, layout_basic, basic_ecumenical_altar
D:2:      layout_rooms, basic_altar, minmay_puff
D:3:      layout_basic
D:4:      cheibrodos_helix_gallery, layout_loops_ring,
          lemuel_coloured_pillars_altar, chequers_serial_rivers_large_a
D:5:      layout_gridville, minmay_temple_entry_large_hall, serial_shops, shop,
          nicolae_ossuary_entry_plus
D:6:      layout_rooms, nicolae_hepliaklqana_hazy_memory,
          gammafunk_temple_overflow_statue, portal_sewer_entry_f
D:7:      nzn_winding_woodlands_stair_cross
          [nzn_winding_woodlands_5x15_longhouse,
          nzn_winding_woodlands_center_garden,
          nzn_winding_woodlands_5x15_crooked, nzn_winding_woodlands_5x5_cross,
          nzn_winding_woodlands_5x5_checkerboard,
          nzn_winding_woodlands_5x15_pathside_ponds,
          nzn_winding_woodlands_center_pierced_h,
          nzn_winding_woodlands_5x15_eye], layout_loops_cross, serial_shops,
          shop_statue, uniq_joseph
D:8:      layout_basic, nicolae_overflow_two_pavilions, serial_shops, shop,
          serial_glass, glass_columns_a, glass_columns_b, glass_columns_a,
          glass_columns_c, minmay_between
D:9:      layout_roguey, tgw_kikubaaqudgha
D:10:     layout_grid_maze, mainiacjoe_overflow_alcove_1, ashenzari_altar_1,
          bloody_makhleb, serial_ice, serial_ice_o, serial_ice_d, serial_ice_h,
          serial_ice_i, serial_ice_a, serial_ice_m, serial_ice_e, serial_ice_f,
          serial_ice_c, serial_ice_n, serial_shops,
          nicolae_shop_window_shopping, uniq_nergalle
D:11:     layout_basic, lair_entry_dummy, special_room [special_room_orc],
          serial_shops, shop

Skill      XL: |  1  2  3  4  5  6  7  8  9 10 11 12 |
---------------+-------------------------------------+-----
Unarmed Combat | 4 6 7 9 11 12 14 16 17 | 17.0
Throwing       | 1 5 6 7 |  7.0
Fighting       | 3 4 5 6 7 |  7.0
Dodging        | 1 |  1.5
Armour         | 2 |  2.2
Spellcasting   | |  1.0
Fire Magic     | |  2.1

Action                   |  1- 3 |  4- 6 |  7- 9 | 10-12 || total
-------------------------+-------+-------+-------+-------++-------
Melee: Unarmed           |   122 |    77 |   307 |   455 ||   961
       Punch             |     1 |     2 |    12 |    20 ||    35
Throw: Boomerang         |       |     3 |    18 |       ||    21
       Large rock        |       |       |       |    57 ||    57
Invok: Fiery Armour      |       |       |     3 |     8 ||    11
  Use: Scroll            |     5 |       |    11 |     6 ||    22
       Potion            |     2 |       |     8 |     4 ||    14
 Stab: Confused          |       |       |     1 |       ||     1
Armor: Robe              |    55 |    31 |   137 |    61 ||   284
       Steam dragon scal |       |       |       |    81 ||    81
       Acid dragon scale |       |       |       |    45 ||    45
Dodge: Dodged            |    50 |    22 |   116 |   156 ||   344

Table legend:
 A = Non-vault XP
 B = Vault XP
 C = Vault XP percentage of total XP
 D = Non-vault monster count
 E = Vault monster count
 F = Vault count percentage of total count
                 A         B        C        D         E       F
            +---------+---------+-------+---------+---------+-------
      Total |   13806 |   13812 |  50.0 |     235 |     115 |  32.9
            +---------+---------+-------+---------+---------+-------
        D:1 |      34 |       0 |   0.0 |      22 |       0 |   0.0
        D:2 |      63 |       7 |  10.0 |      21 |       4 |  16.0
        D:3 |      67 |       0 |   0.0 |      16 |       0 |   0.0
        D:4 |     456 |      15 |   3.2 |      25 |       2 |   7.4
        D:5 |     580 |       0 |   0.0 |      28 |       0 |   0.0
        D:6 |    1409 |     294 |  17.3 |      23 |       7 |  23.3
        D:7 |    1168 |    7748 |  86.9 |      22 |      44 |  66.7
        D:8 |    1148 |     402 |  25.9 |      30 |       2 |   6.2
        D:9 |    1347 |       0 |   0.0 |       5 |       0 |   0.0
       D:10 |    1857 |    3772 |  67.0 |       8 |      23 |  74.2
       D:11 |    5677 |    1002 |  15.0 |      35 |      12 |  25.5
      Sewer |       0 |     237 | 100.0 |       0 |       7 | 100.0
    Ossuary |       0 |     335 | 100.0 |       0 |      14 | 100.0
            +---------+---------+-------+---------+---------+-------
